 Dungeon Crawl Stone Soup version 0.26.1-11-gd32895ea62 (webtiles) character file.

Game seed: 11094440573365717624

475 nothank2 the Skirmisher (level 6, -1/52 HPs)
             Began as a Demonspawn Abyssal Knight on July 9, 2021.
             Was a Priest of Lugonu.
             Killed from afar by an orc wizard (6 damage)
             ... with a puff of flame
             ... on level 4 of the Dungeon.
             The game lasted 00:10:43 (3393 turns).

nothank2 the Skirmisher (Demonspawn Abyssal Knight) Turns: 3393, Time: 00:10:44

Health: -1/52      AC: 15    Str: 14    XL:     6   Next: 84%
Magic:  0/7        EV:  4    Int: 14    God:    Lugonu [***...]
Gold:   171        SH:  0    Dex: 18    Spells: 5/5 levels left

rFire    . . .     SeeInvis .   a - +2 falchion
rCold    . . .     Faith    .   (no shield)
rNeg     . . .     Spirit   +   k - +0 plate armour
rPois    .         Reflect  .   s - +0 helmet
rElec    .         Harm     .   r - +0 cloak
rCorr    .         Rampage  .   (no gloves)
Will     .....                  (no boots)
Stlth    ..........             (no amulet)
HPRegen  0.17/turn              p - ring of attention (curse)
MPRegen  0.20/turn              d - +6 ring of dexterity

@: slowed, very slow
A: yellow scales 1, demonic guardian 1, magic shield, magic regeneration
a: Renounce Religion, Depart the Abyss, Bend Space, Banish


You were on level 4 of the Dungeon.
You worshipped Lugonu.
Lugonu was most pleased with you.
You visited 1 branch of the dungeon, and saw 4 of its levels.
You visited the Abyss 1 time.

You collected 171 gold pieces.

Inventory:

Hand Weapons
 a - a +2 falchion (weapon)
 u - a +0 morningstar of draining
Missiles
 e - 7 poisoned darts
Armour
 b - a +0 leather armour
 h - a +2 ring mail of fire resistance
 k - a +0 plate armour (worn)
 r - a +0 cloak (worn)
 s - a +0 helmet (worn)
Jewellery
 d - a +6 ring of dexterity (right hand)
 p - a cursed ring of attention (left hand)
 z - an uncursed amulet of reflection {unknown}
Wands
 t - a wand of digging (2)
Scrolls
 f - 2 scrolls of fog {unknown}
 i - 4 scrolls of identify
 n - a scroll of blinking
 q - a scroll of amnesia {unknown}
 w - a scroll of teleportation
 x - 2 scrolls of remove curse {unknown}
 y - a scroll of magic mapping
Potions
 c - a potion of brilliance {unknown}
 g - a potion of heal wounds {unknown}
 j - a potion of mutation {unknown}
 l - 2 potions of might
 m - a potion of degeneration {unknown}
 o - 3 potions of curing
 v - a potion of cancellation {unknown}


   Skills:
 + Level 6.0 Fighting
 + Level 4.7 Long Blades
 - Level 1.8 Armour
 - Level 0.8 Dodging
 - Level 2.5 Invocations


You had 5 spell levels left.
You didn't know any spells.
Your spell library was empty.

Dungeon Overview and Level Annotations

Branches:
Dungeon (4/15)
 Temple: D:4-7

Altars:
Kikubaaqudgha
Sif Muna
Yredelemnul


Innate Abilities, Weirdness & Mutations

You are partially covered in yellow scales. (AC +2)
A weak demonic guardian rushes to your aid.
When hurt, damage is shared between your health and your magic reserves.
You regenerate magic rapidly.


Message History

The orc wizard points at you and mumbles some strange words.
The puff of flame hits you but does no damage.
Your iron imp hits the orc wizard!
The orc wizard dies!
Lugonu accepts your kill.
Your Fighting skill increases to level 6!
The orc wizard points at you and mumbles some strange words.
The magic dart hits you.
* * * LOW HITPOINT WARNING * * *
You bump into the rock wall.
You feel less confused.
The orc wizard casts a spell at itself.
The orc wizard flickers and vanishes!
Deactivating autopickup; reactivate with Ctrl-A.
Something hits you but does no damage.
Your iron imp closely misses something.
You hear some strange, mumbled words.
A puff of flame appears from out of thin air!
The puff of flame hits you!
You die...

..###'###########.#.......#.#####
.................................
#.......#.#.###...#.#.###.#.#####
#.......'>.......................
#....[..###.....###.#.......#####
#....)..# #.##### #.........#
#.......###[# ###......## .#
...........####### #......# ..'
........)..).5.{@# #......# ..#
....###.).(####### #......#
###....)...# #.######
...###.....# #. ...###.....# #
...........##########
+#.###..............#
.#.#####.#..#######.#...
....†..#..........#.#....


You could see a friendly iron imp (summoned).

Vanquished Creatures
  Eustachio (D:4)
  A howler monkey (D:4)
  Natasha (twice) (D:3)
  An orc wizard (D:4)
  2 worker ants (D:4)
  Robin (D:2)
  4 adders
  2 oozes
  An adder skeleton (D:4)
  2 worms (D:2)
  A dart slug (D:1)
  3 leopard geckos
  11 orcs
  2 ball pythons
  5 giant cockroaches
  15 goblins
  9 hobgoblins
  3 jackals (D:4)
  5 kobolds
  9 bats
  A frilled lizard (D:4)
  8 rats
89 creatures vanquished.

Vanquished Creatures (collateral kills)
  An orc priest (D:4)
  2 orc wizards (D:4)
  An orc (D:4)
4 creatures vanquished.

Grand Total: 93 creatures vanquished

Notes
Turn   | Place    | Note
-------+----------+-------------------------------------------
     0 | Abyss:1  | nothank2 the Demonspawn Abyssal Knight began the quest for
                  | the Orb.
     0 | Abyss:1  | Reached XP level 1. HP: 18/18 MP: 2/2
   120 | Abyss:1  | Noticed a small abomination
   122 | D:1      | Escaped the Abyss
   237 | D:1      | Gained mutation: When hurt, damage is shared between your
                  | health and your magic reserves. [demonic ancestry]
   237 | D:1      | Reached XP level 2. HP: 19/24 MP: 3/3
   461 | D:1      | Reached * piety under Lugonu
   615 | D:1      | Gained mutation: You are partially covered in yellow
                  | scales. (AC +2) [demonic ancestry]
   615 | D:1      | Reached XP level 3. HP: 26/30 MP: 4/4
   896 | D:2      | Found a basalt altar of Yredelemnul.
   982 | D:2      | Reached skill level 4 in Fighting
  1183 | D:2      | Gained mutation: You regenerate magic rapidly. [demonic
                  | ancestry]
  1183 | D:2      | Reached XP level 4. HP: 14/37 MP: 5/5
  1503 | D:2      | Noticed Robin
  1533 | D:2      | Killed Robin
  1710 | D:2      | Reached ** piety under Lugonu
  1711 | D:2      | Found a shimmering blue altar of Sif Muna.
  1962 | D:3      | Found an ancient bone altar of Kikubaaqudgha.
  2231 | D:3      | Reached XP level 5. HP: 43/43 MP: 6/6
  2323 | D:3      | Noticed Natasha
  2330 | D:3      | Killed Natasha
  2481 | D:3      | Noticed Natasha
  2494 | D:3      | Killed Natasha
  2675 | D:4      | Reached skill level 5 in Fighting
  2732 | D:4      | Gained mutation: A weak demonic guardian rushes to your
                  | aid. [demonic ancestry]
  2732 | D:4      | Reached XP level 6. HP: 45/51 MP: 7/7
  3050 | D:4      | Noticed Eustachio
  3094 | D:4      | Killed Eustachio
  3370 | D:4      | Reached *** piety under Lugonu
  3390 | D:4      | Reached skill level 6 in Fighting
  3393 | D:4      | Killed from afar by an orc wizard

Illustrated notes

Levels and vault maps discovered:
D:1:      ebering_trefoil_twist, layout_basic
D:2:      layout_rooms, yredelemnul_altar_generic,
          nicolae_overflow_hidden_temple, minmay_indecisive_spiral, uniq_robin
D:3:      layout_rooms, nicolae_overflow_crystal_walls,
          kennysheep_generic_room_13, uniq_natasha
D:4:      layout_basic, kennysheep_little_box, minmay_crystal_water,
          uniq_eustachio, uniq_ijyb

Skill      XL: |  1  2  3  4  5  6 |
---------------+-------------------+-----
Long Blades    | 2 3 4 |  4.7
Fighting       | 4 5 6 |  6.0
Armour         | |  1.8
Dodging        | |  0.8
Invocations    | |  2.5

Action                   |  1- 3 |  4- 6 || total
-------------------------+-------+-------++-------
Melee: Falchion          |   110 |   201 ||   311
Invok: Depart the Abyss  |     1 |       ||     1
       Bend Space        |       |     1 ||     1
  Use: Scroll            |     6 |       ||     6
Armor: Leather armour    |     6 |       ||     6
       Ring mail         |    16 |       ||    16
       Plate armour      |    71 |   274 ||   345
Dodge: Dodged            |    42 |    63 ||   105
       Rpst.: Falchion   |    13 |    20 ||    33
